 Dungeon Crawl Stone Soup version 0.18-a0-1805-g8ab820f (webtiles) character file.

69 Etesian the Chiller (level 4, 0/24 HPs)
             Began as a Deep Elf Ice Elementalist on Apr 26, 2016.
             Slain by a goblin (2 damage)
             ... led by Robin
             ... on level 2 of the Dungeon.
             The game lasted 00:13:29 (1289 turns).

Etesian the Chiller (Deep Elf Ice Elementalist)     Turns: 1289, Time: 00:13:30

Health: 0/24       AC:  2    Str:  5    XL:     4   Next: 2%
Magic:  6/11       EV: 13    Int: 21    God:
Gold:   39         SH:  0    Dex: 15    Spells: 2 memorised, 7 levels left

rFire  . . .     SeeInvis .     q - +0 dagger
rCold  . . .     Gourm    .     a - +0 robe
rNeg   . . .     Faith    .     (no shield)
rPois  .         Spirit   .     (no helmet)
rElec  .         Dismiss  .     (no cloak)
rCorr  .         Reflect  .     (no gloves)
SustAt .         Harm     .     (no boots)
MR     .....                    (no amulet)
Stlth  ++........               (no ring)
                                (no ring)

@: not resistant to hostile enchantments, unstealthy
A: no striking features
a: no special abilities


You were on level 2 of the Dungeon.
You were not hungry.

You visited 1 branch of the dungeon, and saw 2 of its levels.

You collected 39 gold pieces.

Inventory:

Hand Weapons
 q - a +0 dagger (weapon)
Missiles
 k - 4 silver javelins (quivered)
Armour
 a - a +0 robe (worn)
Scrolls
 d - 2 scrolls of enchant weapon {unknown}
 e - 3 scrolls of fog {unknown}
 g - a scroll of teleportation {unknown}
 i - 3 scrolls of identify {unknown}
 n - 3 scrolls of magic mapping {unknown}
 p - a scroll of remove curse {unknown}
Potions
 f - a potion of agility {unknown}
 h - 2 potions of flight {unknown}
 j - a potion of heal wounds {unknown}
 l - 2 potions of curing {unknown}
 m - a potion of mutation {unknown}
 o - a potion of haste {unknown}
Books
 b - a book of Frost

   Spells                             Type                      Level
   a - Freeze                         Ice                          1
   b - Throw Frost                    Conjuration/Ice              2
   c - Ozocubu's Armour               Charms/Ice                   3
   d - Throw Icicle                   Conjuration/Ice              4
   e - Summon Ice Beast               Ice/Summoning                4
Comestibles
 c - a bread ration
 r - 2 chunks of flesh


   Skills:
 + Level 3.4 Dodging
 - Level 2.4 Stealth
 + Level 3.8 Spellcasting
 * Level 1.3 Conjurations
 * Level 4.3 Ice Magic


You had 7 spell levels left.
You knew the following spells:

 Your Spells              Type           Power        Failure   Level  Hunger
a - Freeze                Ice            ###.         1%          1    None
b - Throw Frost           Conj/Ice       ###...       8%          2    #......


Dungeon Overview and Level Annotations

Branches:
Dungeon (2/15)

Altars:

Annotations:
D:2 Robin


Message History

The goblin shouts!
The goblin misses you. The goblin barely misses you.
You now have 5/11 mp.
You see here a goblin corpse.
The goblin hits you.
* * * LOW HITPOINT WARNING * * *
You take 3 damage, and have 3/24 hp.
The goblin no longer looks unusually strong.
Robin throws the goblin at you!
* * * LOW HITPOINT WARNING * * *
The goblin closely misses you.
You take 1 damage, and have 3/24 hp.
You closely miss the goblin. Robin throws the goblin at you!
* * * LOW HITPOINT WARNING * * *
The goblin closely misses you. The goblin misses you.
You take 1 damage, and have 2/24 hp.
The goblin no longer looks unusually strong.
The goblin closely misses you. The goblin barely misses you.
The goblin hits you.
You die...

#.#..#)# .# .# #....#)##.#
.# #..)....# .#
##†##.####.##.###
#.##...............
#......g...#######. #
#.#####g##.# # #[
#......gg#.# # #.#
#######g@#.# # #.#
#..#.####### # #.#
#..#........ # #.#
#...........
###.###########.##########
................#
.<.#.#####.##.### ##.#.##
#)##.# ##....# #<##.#
#####


You could see Robin and 4 goblins.

Vanquished Creatures
  2 adders (D:2)
  An ooze (D:1)
  A dart slug (D:1)
  3 giant geckos (D:1)
  5 bats (D:1)
  12 goblins
  4 hobgoblins
  4 kobolds
  A giant newt (D:1)
  7 rats
40 creatures vanquished.

Notes
Turn   | Place    | Note
--------------------------------------------------------------
     0 | D:1      | Etesian the Deep Elf Ice Elementalist began the quest for the Orb.
     0 | D:1      | Reached XP level 1. HP: 10/10 MP: 6/6
    50 | D:1      | Reached XP level 2. HP: 9/15 MP: 0/8
   227 | D:1      | Learned a level 2 spell: Throw Frost
   276 | D:1      | Reached skill level 4 in Ice Magic
   424 | D:1      | Reached XP level 3. HP: 19/19 MP: 6/10
  1274 | D:2      | Noticed Robin
  1277 | D:2      | Reached XP level 4. HP: 22/24 MP: 5/11
  1289 | D:2      | Slain by a goblin

Vault maps used:
D:1:      roderic_dead_forest
D:2:      grunt_temple_overflow_open, makhleb_altar_promises_db, first_bread,
          johnstein_pakellas_dig, uniq_robin

Skill      XL: |  1  2 |
---------------+-------+-----
Ice Magic      | 4 |  4.3
Dodging        | 3 |  3.4
Stealth        | |  2.4
Spellcasting   | |  3.8
Conjurations   | |  1.3

Action                   |  1- 3 |  4- 6 || total
-------------------------+-------+-------++-------
Melee: Unarmed           |    16 |       ||    16
       Dagger            |       |     2 ||     2
 Cast: Freeze            |    46 |     2 ||    48
       Throw Frost       |     6 |       ||     6
 Stab: Sleeping          |     1 |       ||     1
  Eat: Chunk             |     1 |       ||     1
Armor: Robe              |     5 |     2 ||     7
Dodge: Dodged            |    30 |    13 ||    43
